 Dungeon Crawl Stone Soup version 0.18-a0-1572-g0a86841 (webtiles) character file.

7410 MrRokkomies the Spear-Bearer (level 10, -8/81 HPs)
             Began as a Demigod Summoner on Mar 13, 2016.
             Mangled by a komodo dragon (14 damage)
             ... on level 1 of the Lair of Beasts on Mar 15, 2016.
             The game lasted 01:41:07 (10408 turns).

MrRokkomies the Spear-Bearer (Demigod Summoner)    Turns: 10408, Time: 01:41:07

Health: -8/81      AC: 13    Str: 14 (15) XL:     10   Next: 61%
Magic:  0/15       EV: 13    Int: 28      God:
Gold:   557        SH:  0    Dex: 15 (16) Spells: 4 memorised, 0 levels left

rFire  . . .     SeeInvis .     F - +0 glaive
rCold  . . .     Gourm    .     G - +5 leather armour of Birdsong {rPois Int+3 Stlth+}
rNeg   . . .     Faith    .     (shield currently unavailable)
rPois  +         Spirit   +     M - +0 helmet
rElec  .         Dismiss  .     W - +0 cloak of Mumblety Peg {+Fly}
rCorr  +         Reflect  .     g - +1 pair of gloves {archery}
SustAt +         Harm     .     u - +0 pair of boots
MR     +....                    Q - amulet of guardian spirit
Stlth  +++.......               V - ring of resist corrosion
                                J - +4 ring of intelligence

@: hasted, very quick, somewhat resistant to hostile enchantments, fairly
stealthy
A: high mp 1, sustain attributes
a: Evoke Flight


You were on level 1 of the Lair of Beasts.
You were not hungry.

You visited 2 branches of the dungeon, and saw 10 of its levels.
You also visited: Labyrinth.

You collected 557 gold pieces.

Inventory:

Hand Weapons
 a - a +4 flail of draining
 b - a +0 blowgun
 F - a +0 glaive (weapon)
Missiles
 d - a throwing net
 q - 3 javelins
 v - 11 tomahawks (quivered)
 C - 10 poisoned needles
Armour
 g - a +1 pair of gloves of archery (worn)
 h - the +1 ring mail of Divine Intervention {Int+4}
   (You found it in a labyrinth)

   It affects your intelligence (+4).
 u - a +0 pair of boots (worn)
 G - the +5 leather armour of Birdsong (worn) {rPois Int+3 Stlth+}
   (You found it on level 7 of the Dungeon)

   It affects your intelligence (+3).
   It protects you from poison.
   It makes you more stealthy.
 M - a +0 helmet (worn)
 W - the +0 cloak of Mumblety Peg (worn) {+Fly}
   (You found it in a labyrinth)

   It lets you fly.
Magical Staves
 B - an uncursed staff of cold
Jewellery
 w - an uncursed ring of poison resistance
 z - an uncursed ring of see invisible
 J - a +4 ring of intelligence (left hand)
 Q - an amulet of guardian spirit (around neck)
 V - a ring of resist corrosion (right hand)
Wands
 I - a wand of digging (1/24)
 L - a wand of iceblast (10/15)
 O - a wand of acid (10/15)
 S - a wand of iceblast (5/15)
 U - a wand of confusion (16/48)
Scrolls
 e - 2 scrolls of amnesia
 s - 5 scrolls of remove curse
 D - 2 scrolls of enchant weapon
 R - a scroll of identify
 T - a scroll of recharging
 Y - 2 scrolls of magic mapping
Potions
 i - a potion of flight
 k - a potion of lignification
 o - a potion of degeneration
Books
 y - a book of Callings

   Spells                             Type                      Level
   a - Summon Small Mammal            Summoning                    1
   b - Call Imp                       Summoning                    2
   c - Call Canine Familiar           Summoning                    3
   d - Summon Guardian Golem          Hexes/Summoning              3
   e - Summon Lightning Spire         Summoning/Air                4
   f - Summon Ice Beast               Ice/Summoning                4
 X - a book of Ice

   Spells                             Type                      Level
   a - Ice Form                       Ice/Transmutation            4
   b - Metabolic Englaciation         Hexes/Ice                    5
   c - Ozocubu's Refrigeration        Ice                          6
   d - Bolt of Cold                   Conjuration/Ice              6
   e - Freezing Cloud                 Conjuration/Ice/Air          6
   f - Simulacrum                     Ice/Necromancy               6
 Z - the Almanac of Excruciating Venom
   (You found it in a labyrinth)

   Spells                             Type                      Level
   a - Sting                          Conjuration/Poison           1
   b - Throw Flame                    Conjuration/Fire             2
   c - Cure Poison                    Poison                       2
   d - Ignite Poison                  Fire/Transmutation/Poison    3
   e - Venom Bolt                     Conjuration/Poison           5
Comestibles
 c - 11 bread rations
 f - 3 meat rations
 r - 2 royal jellies
 t - 2 fruits
 H - 7 beef jerkies


   Skills:
 - Level 5.0 Fighting
 * Level 10.0 Polearms
 - Level 4.1 Dodging
 - Level 1.7 Stealth
 - Level 1.7 Spellcasting
 - Level 7.4 Summonings
 - Level 6.0 Ice Magic
 * Level 3.9 Air Magic


You couldn't memorise any spells.
You knew the following spells:

 Your Spells              Type           Power        Failure   Level  Hunger
a - Summon Small Mammal   Summ           ####         1%          1    #......
b - Call Canine Familiar  Summ           #####...     1%          3    ###....
c - Summon Ice Beast      Ice/Summ       #####...     10%         4    #####..
d - Summon Lightning Spi  Summ/Air       ####....     12%         4    #####..


Dungeon Overview and Level Annotations

Branches:
Dungeon (9/15)             Temple (0/1) D:7            Lair (1/8) D:9
    Orc: D:9-12


Innate Abilities, Weirdness & Mutations

You have an increased reservoir of magic (+10% MP).
Your attributes are resistant to harm.


Message History

The spiny frog stings you but does no damage.
Drink which item? (? for menu, Esc to quit)
It was a potion of cancellation.
Your magical effects are unravelling.
Your magical contamination has completely faded away.
You feel magically purged.
You feel yourself slow down.
You flicker back into view.
You feel a little less clever now.
The komodo dragon bites you but does no damage.
The spiny frog stings you but does no damage.
Drink which item? (? for menu, Esc to quit)
You feel yourself speed up.
You feel less woody.
The +0 cloak of Mumblety Peg {+Fly} unmelds from your body.
Your +0 helmet unmelds from your body.
Your +1 pair of gloves of archery unmelds from your body.
Your +0 pair of boots unmelds from your body.
The +5 leather armour of Birdsong {rPois Int+3 Stlth+} unmelds from your body.
You feel that your aim is more steady. The komodo dragon bites you!
You die...

..........#
......._... .......
..........# .......
..........# .......
.(#......# .......
((#.....## .$.....
.#()...## ## Y......
###...######
#F#Y...... #
#...##...#####@#
###...#......##l##
..#...#.....(YY#####
......#.$....?Y..P.#
......##...........#
......##.†..........#
......##.........%...#
......................
......................


You could see a komodo dragon, 3 yaks, a spiny frog and 2 friendly ice beasts.

Vanquished Creatures
  The ghost of blinkfrog the Reanimator, a novice DDNe of Makhleb (Lair:1)
  The ghost of Banto the Grappler, a novice TrAM of Qazlal (D:8)
  A komodo dragon (Lair:1)
  2 shadows (Lab)
  A yak (D:9)
  A hippogriff (D:8)
  A porcupine (Lair:1)
  2 orc warriors
  A black bear (D:7)
  2 centaurs
  2 crocodiles (Lair:1)
  A big kobold (D:7)
  2 giant frogs
  2 wights (D:6)
  2 howler monkeys
  2 centaur zombies
  3 crimson imps
  A giant frog zombie (D:6)
  2 orc priests
  2 iguanas
  2 orc wizards
  6 worker ants
  A killer bee zombie (D:6)
  A sheep (D:9)
  A hound skeleton (D:5)
  3 worker ant zombies
  4 gnolls (D:7)
  9 adders
  An ooze (D:2)
  An adder zombie (D:7)
  2 adder skeletons
  6 dart slugs
  A giant gecko (D:3)
  35 orcs
  2 giant cockroaches
  4 goblins
  5 hobgoblins
  2 jackals (D:4)
  9 kobolds
  8 quokkas
  A ball python (D:3)
  4 bats
  A giant gecko zombie (D:5)
  2 giant newts (D:1)
  A quokka skeleton (D:5)
  11 rats
155 creatures vanquished.

Vanquished Creatures (collateral kills)
  A minotaur (Lab)
  Pikel (D:8)
  An elephant (D:9)
  Joseph (Lair:1)
  2 spiny frogs (Lair:1)
  2 komodo dragons (Lair:1)
  A two-headed ogre (D:9)
  5 blink frogs (Lair:1)
  2 yaks (Lair:1)
  5 porcupines (Lair:1)
  A black bear (Lair:1)
  2 ogres
  5 crocodiles
  A giant frog (Lair:1)
  A wight (D:6)
  A giant frog zombie (D:5)
  An orc wizard (D:9)
  An iguana (Lair:1)
  A worker ant (D:5)
  3 sheep (D:9)
  A hound zombie (D:5)
  An adder (D:4)
  A shadow imp (D:9)
  A worm (D:2)
  2 orcs
  3 giant cockroaches
  2 hobgoblins (D:1)
  A quokka (D:9)
  A rat (D:1)
51 creatures vanquished.

Vanquished Creatures (others)
  A hound (D:8)
  2 worker ants
  A giant gecko skeleton (D:8)
  A fungus (Lair:1)
5 creatures vanquished.

Grand Total: 211 creatures vanquished

Notes
Turn   | Place    | Note
--------------------------------------------------------------
     0 | D:1      | MrRokkomies the Demigod Summoner began the quest for the Orb.
     0 | D:1      | Reached XP level 1. HP: 14/14 MP: 5/5
   333 | D:1      | Reached skill level 1 in Fighting
   638 | D:1      | Reached XP level 2. HP: 23/23 MP: 7/7
  1634 | D:2      | Found a sacrificial altar of Ru.
  1698 | D:2      | Reached XP level 3. HP: 25/29 MP: 8/8
  1703 | D:2      | Learned a level 3 spell: Call Canine Familiar
  2293 | D:3      | Found a shattered altar of Ashenzari.
  2336 | D:3      | Upgraded the game from 0.18-a0-1561-g7b1e397 to 0.18-a0-1563-g3d1bdcc
  2768 | D:3      | Reached XP level 4. HP: 24/37 MP: 9/9
  3096 | D:4      | Found a shadowy altar of Dithmenos.
  3520 | D:4      | Noticed an ogre
  3530 | D:4      | Killed an ogre
  3530 | D:4      | Reached XP level 5. HP: 41/45 MP: 6/10
  3602 | D:5      | Entered Level 5 of the Dungeon
  3669 | D:5      | Noticed a centaur
  3965 | D:5      | Killed a centaur
  3965 | D:5      | Reached XP level 6. HP: 29/52 MP: 6/11
  4233 | D:5      | Reached skill level 1 in Polearms
  4869 | D:6      | Reached skill level 2 in Polearms
  5264 | D:6      | Learned a level 4 spell: Summon Ice Beast
  5409 | D:6      | Reached XP level 7. HP: 55/60 MP: 8/12
  5416 | D:6      | Reached skill level 5 in Fighting
  5496 | D:6      | Reached skill level 3 in Polearms
  5496 | D:6      | Reached skill level 1 in Ice Magic
  5845 | D:7      | Found a staircase to the Ecumenical Temple.
  6154 | D:7      | Reached skill level 4 in Polearms
  6206 | D:7      | Found an iron altar of Okawaru.
  6357 | D:7      | Found a bloodstained altar of Trog.
  6506 | D:7      | Reached XP level 8. HP: 62/68 MP: 13/13
  6828 | D:7      | Got a shimmering leather armour
  6839 | D:7      | Identified the +5 leather armour of Birdsong {rPois Int+3 Stlth+} (You found it on level 7 of the Dungeon)
  6961 | D:7      | Reached skill level 5 in Polearms
  7038 | D:8      | Noticed Banto's ghost (novice TrAM)
  7177 | D:8      | Killed Banto's ghost
  7177 | D:8      | Reached skill level 6 in Polearms
  7177 | D:8      | Reached skill level 5 in Ice Magic
  7247 | D:8      | Noticed Pikel
  7287 | D:8      | Killed Pikel
  7340 | D:8      | Found a shattered altar of Ashenzari.
  7535 | D:8      | Reached XP level 9. HP: 62/74 MP: 14/14
  7879 | D:9      | Found a sparkling altar of Nemelex Xobeh.
  8230 | D:9      | Reached skill level 7 in Polearms
  8278 | D:9      | Noticed an elephant
  8289 | D:9      | Killed an elephant
  8289 | D:9      | Reached skill level 5 in Summonings
  8293 | D:9      | Found a staircase to the Lair.
  8528 | D:9      | Noticed a cyclops
  8827 | Lair:1   | Entered Level 1 of the Lair of Beasts
  8827 | Lair:1   | Noticed a komodo dragon
  8828 | Lair:1   | Upgraded the game from 0.18-a0-1563-g3d1bdcc to 0.18-a0-1572-g0a86841
  8838 | Lair:1   | Killed a komodo dragon
  8838 | Lair:1   | Reached skill level 8 in Polearms
  8864 | Lair:1   | Noticed Joseph
  8935 | Lair:1   | Found an iron altar of Okawaru.
  8953 | Lair:1   | Killed Joseph
  9042 | Lair:1   | Noticed a spiny frog
  9052 | Lair:1   | Killed a spiny frog
  9200 | Lair:1   | Noticed a spiny frog
  9211 | Lair:1   | Killed a spiny frog
  9243 | Lair:1   | Noticed a komodo dragon
  9257 | Lair:1   | Killed a komodo dragon
  9257 | Lair:1   | Reached XP level 10. HP: 81/81 MP: 4/15
  9268 | Lair:1   | Found a labyrinth entrance.
  9272 | Lair:1   | Noticed blinkfrog's ghost (novice DDNe)
  9275 | Lab      | Entered a labyrinth
  9293 | Lab      | Learned a level 4 spell: Summon Lightning Spire
  9468 | Lab      | Noticed a minotaur
  9550 | Lab      | Killed a minotaur
  9550 | Lab      | Reached skill level 9 in Polearms
  9563 | Lab      | Identified the Almanac of Excruciating Venom
  9567 | Lab      | Got a shimmering ring mail
  9567 | Lab      | Got a spiked cloak
  9578 | Lab      | Identified the cursed +0 cloak of Mumblety Peg {+Fly} (You found it in a labyrinth)
  9588 | Lab      | Identified the cursed +1 ring mail of Divine Intervention {Int+4} (You found it in a labyrinth)
  9958 | Lair:1   | Reached skill level 1 in Air Magic
 10161 | Lair:1   | Killed blinkfrog's ghost
 10380 | Lair:1   | Reached skill level 10 in Polearms
 10403 | Lair:1   | HP: 6/121 [komodo dragon (3)]
 10404 | Lair:1   | HP: 2/121 [spiny frog (4)]
 10408 | Lair:1   | Mangled by a komodo dragon

Vault maps used:
D:1:      eino_arrival_cavern_b
D:2:      nicolae_ru_the_path_less_chosen
D:3:      evilmike_ruin_ashenzari
D:4:      minmay_misc_feat_alley, nicolae_dithmenos_shadow_blocks
D:5:      first_bread
D:7:      lemuel_doored_altar, temple_fountains, grunt_ogre_cave,
          okawaru_gym_becter
D:8:      nicolae_overflow_crystal_walls, uniq_pikel
D:9:      david_lair_generic, basic_altar
Lair:1:   lab_entry_generic, basic_altar, st_stairs_6, beast_lair_carwin_2,
          uniq_joseph
Lab:      labyrinth_spiral, nicolae_lab_statue, nicolae_lab_hexagon,
          labyrinth_skeletal_remains

Skill      XL: |  1  2  3  4  5  6  7  8  9 10 |
---------------+-------------------------------+-----
Fighting       | 1 2 3 4 5 |  5.0
Summonings     | 4 6 7 |  7.4
Dodging        | 2 3 4 |  4.1
Polearms       | 2 4 6 8 10 | 10.0
Ice Magic      | 3 5 6 |  6.0
Air Magic      | 3 |  3.9
Stealth        | |  1.7
Spellcasting   | |  1.7

Action                   |  1- 3 |  4- 6 |  7- 9 | 10-12 || total
-------------------------+-------+-------+-------+-------++-------
Melee: Unarmed           |    36 |       |       |       ||    36
       Mace              |   118 |    23 |       |       ||   141
       Short sword       |       |    38 |       |       ||    38
       Hand axe          |       |   165 |     8 |       ||   173
       Flail             |       |       |   228 |    15 ||   243
       Glaive            |       |       |    12 |    48 ||    60
 Fire: Blowgun           |       |       |    25 |     8 ||    33
Throw: Javelin           |     4 |    18 |       |       ||    22
       Tomahawk          |       |     5 |    69 |     2 ||    76
 Cast: Summon Small Mamm |     9 |     4 |       |       ||    13
       Call Canine Famil |       |    14 |    12 |     6 ||    32
       Summon Ice Beast  |       |       |    21 |    11 ||    32
       Summon Lightning  |       |       |       |     5 ||     5
Evoke: Wand              |       |       |       |     6 ||     6
  Use: Scroll            |     8 |     5 |     4 |     6 ||    23
       Potion            |       |     1 |     2 |    17 ||    20
 Stab: Sleeping          |    10 |     2 |     4 |       ||    16
       Distracted        |     1 |     2 |     2 |     1 ||     6
  Eat: Chunk             |     6 |     8 |    15 |     1 ||    30
       Fruit             |       |     1 |       |       ||     1
       Pizza             |       |     1 |       |       ||     1
       Meat ration       |       |       |     1 |     2 ||     3
